 Dungeon Crawl Stone Soup version 0.29-a0-330-g52719c12eb (webtiles) character file.

Game seed: 15001770020524856474

13355 Crownlay the Cleaver (level 12, -12/107 HPs)
             Began as a Hill Orc Berserker on May 1, 2022.
             Was a Believer of Trog.
             Mangled by a large abomination (20 damage)
             ... on level 1 of the Abyss.
             The game lasted 00:23:24 (13951 turns).

Crownlay the Cleaver (Hill Orc Berserker)          Turns: 13951, Time: 00:23:24

Health: -12/107    AC: 17    Str: 28    XL:     12   Next: 5%
Magic:  12/12      EV: 10    Int: 11    God:    Trog [**....]
Gold:   79         SH:  5    Dex: 14    Spells: 11/11 levels left

rFire   + . .      SeeInvis +   l - +2 broad axe (vorpal)
rCold   x . .      Faith    +   D - +0 buckler
rNeg    . . .      Spirit   .   z - +5 scale mail "Neihuu" {Dex+4 SInv}
rPois   .          Reflect  .   (no helmet)
rElec   +          Harm     .   J - +2 cloak
rCorr   .          Rampage  .   (no gloves)
Will    +....                   (no boots)
Stlth   ..........              F - amulet of faith
HPRegen 1.27/turn               e - ring of flight
MPRegen 0.13/turn               j - ring of Day {Fire rElec Will- Str+3 Int+4}

@: strong-willed, flying, regenerating
A: no striking features
a: Renounce Religion, Berserk, Trog's Hand


You were on level 1 of the Abyss.
You worshipped Trog.
Trog was pleased with you.
You visited 1 branch of the dungeon, and saw 10 of its levels.
You visited the Abyss 2 times.
You also visited: Bailey.

You collected 664 gold pieces.
You spent 585 gold pieces at shops.

Inventory:

Hand Weapons
 l - a +2 vorpal broad axe (weapon)
Missiles
 s - a boomerang of dispersal (quivered)
 A - a throwing net
 K - 12 boomerangs
Armour
 z - the +5 scale mail "Neihuu" (worn) {Dex+4 SInv}
   (You found it on level 5 of the Dungeon)

   Dex:       It affects your dexterity (+4).
   SInv:      It lets you see invisible.
 D - a +0 buckler (worn)
 J - a +2 cloak (worn)
 M - the +3 scale mail "Juor" {rF- rC++ Dex+2 Stlth+}
   (You found it in a bailey)

   Dex:       It affects your dexterity (+2).
   rF:        It makes you vulnerable to fire.
   rC:        It greatly protects you from cold.
   Stlth:     It makes you more stealthy.
 O - a +0 kite shield
Jewellery
 e - a ring of flight (left hand)
 j - the ring of Day (right hand) {Fire rElec Will- Str+3 Int+4}
   (You found it on level 3 of the Dungeon)

   [ring of fire]

   It enhances your fire magic.
   Str:       It affects your strength (+3).
   Int:       It affects your intelligence (+4).
   rF:        It protects you from fire.
   rC:        It makes you vulnerable to cold.
   rElec:     It insulates you from electricity.
   Will:      It decreases your willpower.
 p - a ring of willpower
 F - an amulet of faith (around neck)
 G - a ring of see invisible
Wands
 w - a wand of iceblast (12)
 B - a wand of acid (1)
 E - a wand of flame (21)
 I - a wand of polymorph (5)
Scrolls
 a - a scroll of identify
 b - 3 scrolls of blinking
 g - a scroll of amnesia {unknown}
 h - 3 scrolls of magic mapping
 i - 2 scrolls of enchant weapon {unknown}
 k - 5 scrolls of teleportation
 o - 4 scrolls of enchant armour
 q - 3 scrolls of brand weapon
 v - 2 scrolls of summoning {unknown}
 x - 6 scrolls of fog
 y - 2 scrolls of vulnerability {unknown}
 H - 3 scrolls of fear
Potions
 c - a potion of might {unknown}
 d - 2 potions of brilliance {unknown}
 f - 5 potions of curing
 n - 3 potions of haste {unknown}
 t - 3 potions of mutation
 u - 3 potions of magic {unknown}
 C - 3 potions of degeneration {unknown}
 L - 3 potions of resistance {unknown}
 N - 2 potions of heal wounds {unknown}


   Skills:
 + Level 10.4 Fighting
 * Level 14.1 Axes
 - Level 11.8 Armour
 - Level 1.5 Dodging
 * Level 6.5 Shields
 - Level 6.0 Evocations


You had 11 spell levels left.
You didn't know any spells.
Your spell library was empty.

Dungeon Overview and Level Annotations

Branches:
Dungeon (10/15)            Temple (0/1) D:7            Lair (0/6) D:8
 Bailey (visited)
    Orc: D:9-12

Altars:
Cheibriados
Elyvilon
Makhleb
Nemelex Xobeh
Ru
Sif Muna
Trog
Vehumet
Xom
Yredelemnul
Zin

Shops:
D:9 =:?

Annotations:
D:9 3 runed translucent doors, exclusion: ice statue, mrw0lf's ghost, journeyman GnWn


Message History

The thrashing horror is severely damaged.
The thrashing horror barely misses you.
The thrashing horror tramples you but does no damage.
The thrashing horror misses you.
The thrashing horror tramples you but does no damage.
You hit the thrashing horror but do no damage.
The thrashing horror is severely damaged.
The thrashing horror barely misses you. x2
The thrashing horror closely misses you. x2
The large abomination hits you!
You hit the large abomination but do no damage.
The large abomination is moderately damaged.
You block the thrashing horror's attack.
The thrashing horror tramples you but does no damage.
The large abomination hits you!
You are too injured to fight recklessly!
You are too injured to fight recklessly!
You are too injured to fight recklessly!
You are too injured to fight recklessly!
You are too injured to fight recklessly!
Your skin crawls.
You feel strong-willed.
The large abomination hits you but does no damage.
The thrashing horror tramples you!
* * * LOW HITPOINT WARNING * * *
You are shoved backwards!
Throw: 2 boomerangs (disperse)
Press: ? - help, Q - select action, (/) - cycle Shift-Dir - straight line, f - large abomination
Aim: a large abomination (77% to hit)
You throw a boomerang of dispersal.
The boomerang of dispersal barely misses the large abomination.
You block the thrashing horror's attack.
The thrashing horror tramples you!
* * * LOW HITPOINT WARNING * * *
You hold your ground!
The large abomination hits you but does no damage.
The large abomination hits you!
* * * LOW HITPOINT WARNING * * *
The large abomination hits you!!
You die...

.. ... .. ... ...
..# ...# ##.##
#.##
#...###...###...#
...#.....#...
#...........X.
....#..X.X# # #
.# #..@# # #.#
##X## . #..
###...# #. #.
#.....# ยง##.
............. #
##.
...#.....#.... ##
.....###...###...
#.#. ..# ##.##
#.# # #.#. # ...#
..


You could see a thrashing horror (strong) and 2 large abominations.

Vanquished Creatures
  A tentacled starspawn (Abyss:1)
  An orc warlord (Bailey)
  A two-headed ogre (D:9)
  A thrashing horror (Abyss:1)
  An orc knight (Bailey)
  A gargoyle (D:7)
  A silent spectre (Abyss:1)
  2 trolls
  A hornet (D:9)
  A ynoxinul (Abyss:1)
  A shadow (Abyss:1)
  A wraith (D:10)
  2 steam dragons (D:8)
  3 yaks (D:9)
  A neqoxec (Abyss:1)
  3 wargs (D:8)
  A water moccasin (D:6)
  Duvessa (D:7)
  6 orc warriors
  An ogre (D:7)
  2 black bears (D:5)
  2 sky beasts
  3 small abominations (Abyss:1)
  A phantom (D:4)
  2 kobold brigands
  3 bullfrogs
  2 gnoll sergeants
  A necrophage (D:7)
  2 scorpions (D:4)
  5 wights (D:9)
  Dowan (D:7)
  6 killer bees (D:9)
  3 howler monkeys (D:9)
  3 jellies
  3 hounds
  A gnoll shaman (D:8)
  9 orc priests
  8 orc wizards
  5 iguanas
  33 gnolls
  9 adders
  2 shadow imps
  3 white imps
  An ufetubus (D:5)
  2 worms (D:2)
  4 dart slugs
  27 orcs
  7 endoplasms
  11 goblins
  12 hobgoblins
  9 jackals
  2 quokkas
  6 ball pythons
  4 bats
  4 frilled lizards
  23 kobolds
  8 rats
260 creatures vanquished.

Vanquished Creatures (others)
  5 plants
  4 starspawn tentacles (Abyss:1)
9 creatures vanquished.

Grand Total: 269 creatures vanquished

Notes
Turn   | Place    | Note
-------+----------+-------------------------------------------
     0 | D:1      | Crownlay the Hill Orc Berserker began the quest for the
                  | Orb.
     0 | D:1      | Reached XP level 1. HP: 19/19 MP: 1/1
   655 | D:1      | Reached XP level 2. HP: 26/26 MP: 2/2
   771 | D:1      | Found a faded altar of an unknown god.
   782 | D:1      | Reached skill level 5 in Axes
  1243 | D:2      | Reached XP level 3. HP: 31/31 MP: 3/3
  1526 | D:2      | Reached ** piety under Trog
  1652 | D:2      | Reached skill level 6 in Axes
  1964 | D:2      | Found a radiant altar of Vehumet.
  2224 | D:2      | Reached XP level 4. HP: 36/40 MP: 4/4
  2503 | D:3      | Found a snail-covered altar of Cheibriados.
  2503 | D:3      | Found a burning altar of Makhleb.
  3124 | D:3      | Reached skill level 7 in Axes
  3124 | D:3      | Reached XP level 5. HP: 7/46 MP: 5/5
  3125 | D:3      | HP: 2/46 [gnoll/+0 spear (6)]
  3422 | D:3      | Found a sacrificial altar of Ru.
  3422 | D:3      | Found a sparkling altar of Nemelex Xobeh.
  3512 | D:3      | Identified the ring of Day {Fire rElec Will- Str+3 Int+4}
  3800 | D:3      | Found a glowing silver altar of Zin.
  4524 | D:4      | Noticed a phantom
  4531 | D:4      | Reached XP level 6. HP: 53/53 MP: 6/6
  4536 | D:4      | Reached skill level 5 in Fighting
  4536 | D:4      | Reached skill level 8 in Axes
  5198 | D:4      | Reached *** piety under Trog
  5370 | D:4      | Cast into level 1 of the Abyss (orc)
  5509 | Abyss:1  | Noticed a ynoxinul
  5541 | Abyss:1  | Killed a ynoxinul
  5544 | D:4      | Escaped the Abyss
  5549 | D:4      | Reached skill level 9 in Axes
  5549 | D:4      | Reached XP level 7. HP: 33/61 MP: 7/7
  6131 | D:5      | Entered Level 5 of the Dungeon
  6265 | D:5      | Reached skill level 10 in Axes
  6639 | D:5      | Reached XP level 8. HP: 71/71 MP: 8/8
  7070 | D:5      | Identified the +5 scale mail "Neihuu" {Dex+4 SInv}
  7159 | D:6      | Noticed a troll
  7168 | D:6      | Killed a troll
  7169 | D:6      | Reached skill level 11 in Axes
  7324 | D:6      | Reached skill level 12 in Axes
  7789 | D:6      | Reached XP level 9. HP: 57/81 MP: 9/9
  8624 | D:7      | Reached skill level 13 in Axes
  8624 | D:7      | Reached skill level 1 in Shields
  8681 | D:7      | Found a white marble altar of Elyvilon.
  8712 | D:7      | Noticed a troll
  8721 | D:7      | Killed a troll
  8790 | D:7      | Noticed Dowan
  8790 | D:7      | Noticed Duvessa
  8799 | D:7      | Killed Duvessa
  8804 | D:7      | Killed Dowan
  8914 | D:7      | Noticed a gargoyle
  8928 | D:7      | Killed a gargoyle
  9098 | D:7      | Found a shimmering altar of Xom.
  9100 | D:7      | Found a shimmering blue altar of Sif Muna.
  9356 | D:7      | Found a staircase to the Ecumenical Temple.
  9774 | D:8      | Reached skill level 14 in Axes
 10161 | D:8      | Reached skill level 5 in Shields
 10169 | D:8      | Reached skill level 1 in Evocations
 10170 | D:8      | Reached XP level 10. HP: 91/91 MP: 10/10
 10302 | D:8      | Found a basalt altar of Yredelemnul.
 10349 | D:8      | Reached skill level 10 in Fighting
 10418 | D:8      | Found a staircase to the Lair.
 11029 | D:9      | Found Coneculo's Jewellery Shop.
 11042 | D:9      | Found a flagged portal.
 11053 | Bailey   | Entered a bailey
 11058 | Bailey   | Noticed an orc warlord
 11109 | Bailey   | Noticed an orc knight
 11129 | Bailey   | Killed an orc knight
 11316 | Bailey   | Found a runed translucent gate.
 11319 | Bailey   | Found a runed translucent gate.
 11418 | Bailey   | Found a runed translucent gate.
 11534 | Bailey   | Killed an orc warlord
 11535 | Bailey   | Reached skill level 5 in Armour
 11754 | Bailey   | Reached XP level 11. HP: 99/99 MP: 11/11
 11785 | Bailey   | Identified the +3 scale mail "Juor" {rF- rC++ Dex+2 Stlth+}
 11850 | D:9      | Reached skill level 5 in Evocations
 12796 | D:9      | Noticed a two-headed ogre
 12806 | D:9      | Killed a two-headed ogre
 12807 | D:9      | Reached XP level 12. HP: 107/107 MP: 12/12
 12946 | D:9      | Found Tuseepp's Book Shoppe.
 12959 | D:9      | Noticed mrw0lf's ghost (journeyman GnWn)
 12961 | D:9      | Noticed a centaur warrior
 12974 | D:9      | Found a runed translucent gate.
 12974 | D:9      | Found a runed translucent gate.
 12986 | D:9      | Found a runed translucent gate.
 13045 | D:9      | Found a bloodstained altar of Trog.
 13147 | D:9      | Found Woenodd's Magic Scroll Shop.
 13151 | D:9      | Bought a scroll of identify for 20 gold pieces
 13151 | D:9      | Bought a scroll of acquirement for 520 gold pieces
 13151 | D:9      | Bought a scroll of immolation for 35 gold pieces
 13151 | D:9      | Bought a scroll of noise for 10 gold pieces
 13164 | D:9      | Acquired a +2 vorpal broad axe
 13329 | D:10     | Entered Level 10 of the Dungeon
 13693 | D:10     | Cast into level 1 of the Abyss (gnoll sergeant)
 13730 | Abyss:1  | Noticed a tentacled starspawn
 13797 | Abyss:1  | Killed a tentacled starspawn
 13819 | Abyss:1  | Noticed a thrashing horror
 13822 | Abyss:1  | Killed a thrashing horror
 13929 | Abyss:1  | Noticed a thrashing horror
 13951 | Abyss:1  | Mangled by a large abomination

Illustrated notes

Levels and vault maps discovered:
D:1:      dpeg_arrival_castle, layout_loops_ring,
          dreamdust_ecumenical_altar_statues
D:2:      layout_loops_ring, serial_bayou, serial_bayou_crossing,
          serial_bayou_lagoon_a, serial_bayou_pond_e, serial_bayou_lake_a,
          serial_bayou_lagoon_b, basic_altar, chequers_garden,
          grunt_ministairs_15, minmay_pentomino_p2
D:3:      layout_rooms, old_standard_altar, grunt_temple_overflow_open,
          minmay_increasing_density
D:4:      layout_cave_pools, minmay_close_crescents
D:5:      layout_loops_ring, serial_bayou_pond_b
D:6:      minmay_spotlight, layout_basic, minivault_27
D:7:      layout_basic, nicolae_overflow_hidden_temple,
          minmay_temple_entry_gardened_gates, kennysheep_generic_room_10,
          uniq_duvessa
D:8:      layout_layer_cave, mainiacjoe_overflow_24_doors,
          erik_lair_orcish_takeover
D:9:      layout_gridville, general_overflow_altar, serial_shops, shop_statue,
          nicolae_stop_n_shop_2, nicolae_shop_trees, enter_bailey_2,
          gammafunk_ghost_split, minivault_15
D:10:     layout_long_grid, mainiacjoe_overflow_alcove_1
Abyss:1:  base: D:3, base: Temple, hangedman_elemental_corridor,
          evilmike_abyss_exit_3

Skill      XL: |  1  2  3  4  5  6  7  8  9 10 11 |
---------------+----------------------------------+-----
Axes           | 5 6 7 9 10 12 14 | 14.1
Fighting       | 4 5 6 8 9 10 | 10.4
Shields        | 5 6 |  6.5
Evocations     | 1 4 6 |  6.0
Armour         | 11 | 11.8
Dodging        | |  1.5

Action                   |  1- 3 |  4- 6 |  7- 9 | 10-12 || total
-------------------------+-------+-------+-------+-------++-------
Melee: Hand axe          |   138 |   188 |   307 |   236 ||   869
       Punch             |     1 |     1 |     2 |       ||     4
       Broad axe         |       |       |       |    93 ||    93
Throw: Boomerang         |       |       |       |     2 ||     2
Invok: Berserk           |       |     5 |    12 |     9 ||    26
       Trog's Hand       |       |     4 |    11 |    14 ||    29
Evoke: Wand              |       |       |     4 |     6 ||    10
  Use: Scroll            |       |     1 |     6 |     5 ||    12
       Potion            |       |       |     3 |     1 ||     4
 Stab: Sleeping          |     1 |     1 |       |       ||     2
Armor: Animal skin       |    28 |    34 |     9 |       ||    71
       Scale mail        |       |       |    60 |   136 ||   196
       Robe              |       |       |     3 |       ||     3
       Ring mail         |       |       |     2 |       ||     2
Dodge: Dodged            |    89 |   142 |   105 |   123 ||   459
Block: Buckler           |       |       |    16 |    59 ||    75

Table legend: (Time is in decaauts)
 A = Elapsed time spent in this place.
 B = Non-inter-level travel time spent in this place.
 C = Inter-level travel time spent in this place.
 D = Time resting spent in this place.
 E = Time spent auto-exploring this place.
 F = Levels seen in this place.
 G = Mean time per level.
                   A        B        C        D        E       F      G
               +--------+--------+--------+--------+--------+-----+--------+
         Total |  14009 |  13774 |    235 |    254 |  11334 |  13 | 1077.6 |
       Dungeon |  12824 |  12589 |    235 |    254 |  10662 |  10 | 1282.4 |
         Abyss |    444 |    444 |      0 |      0 |    103 |   2 |  222.0 |
        Bailey |    739 |    739 |      0 |      0 |    569 |   1 |  739.0 |
               +--------+--------+--------+--------+--------+-----+--------+

Top non-repeatable levels by time:
     D:2: 2151 daAuts
     D:8: 1545 daAuts
     D:4: 1539 daAuts
     D:6: 1356 daAuts
     D:9: 1283 daAuts
     D:1: 1246 daAuts
     D:7: 1226 daAuts
     D:3: 1052 daAuts
     D:5: 1038 daAuts
  Bailey: 739 daAuts
 Abyss:1: 444 daAuts
    D:10: 383 daAuts
